AoeStats
← mikrethor

Nomad

510816756Analyzed
4v4 RM · 13h ago on Oct 2, 2026· 48m 49s· 8 players
Game mode
Random Map
Map size
231×231
Population
200
Speed
Normal
Resources
Standard
Victory
Conquest
Starting age
Dark Age
Ending age
Imperial Age
RankedLock teamsTeams togetherTeam positionsShared explorationLock speedFull tech treeHidden civsTurbo modeCheats
Victory
Defeat
🇩🇪 Franks · Germany
1136
+13
🇦🇹 Teutons · Austria
1131
+14
🇨🇳 Koreans · China
1118
+14
🇳🇱 Persians · Netherlands
1090
+15
🇳🇴 Berbers · Norway
1116
-15
🇧🇷 Danes · Brazil
1110
-15
🇨🇦 Malay · Canada
1054
-13
🇧🇷 Cumans · Brazil
1038
-13
mikrethor
9:29 Loom
14:24 Feudal Age
15:07 Wheelbarrow
14:59 Double-Bit Axe
14:58 Horse Collar
15:19 Fishing Lines
23:46 Castle Age
24:21 Husbandry
24:45 Hand Cart
25:54 Gillnets
25:59 Gillnets
26:52 Demolition Ship
30:17 Forging
31:59 Heavy Plow
32:06 Stone Mining
33:49 Medium Warships
35:15 Fletching
37:38 Bodkin Arrow
39:50 Gold Mining
40:35 Stone Shaft Mining
40:08 Scale Barding Armor
45:49 Imperial Age
SirT_Efaisto
5:25 Loom
14:35 Feudal Age
18:41 Castle Age
16:34 Double-Bit Axe
20:26 Fishing Lines
21:07 Bow Saw
21:37 Gillnets
24:27 Fletching
24:53 Gold Mining
24:53 Stone Mining
25:21 Bodkin Arrow
26:53 Clinker Construction
27:30 Wheelbarrow
26:42 Town Watch
28:05 Ballistics
27:57 Careening
29:04 Hand Cart
30:19 Town Patrol
30:10 Horse Collar
32:47 Squires
32:34 Arson
32:15 Hamask
32:59 Scale Mail Armor
33:38 Gold Shaft Mining
33:50 Forging
35:08 Chain Mail Armor
35:30 Iron Casting
41:04 Imperial Age
41:19 Elite Jomsviking
42:21 Conscription
43:08 Plate Mail Armor
46:57 Elite Skirmisher
xX_Miliano_Xx
18:14 Feudal Age
34:22 Double-Bit Axe
34:31 Horse Collar
36:39 Wheelbarrow
Simse
7:59 Loom
14:41 Feudal Age
18:20 Castle Age
17:11 Double-Bit Axe
19:22 Fletching
20:41 Horse Collar
22:20 Padded Archer Armor
25:33 Husbandry
29:23 Bloodlines
29:59 Wheelbarrow
30:36 Bodkin Arrow
33:35 Leather Archer Armor
33:20 Town Watch
37:11 Ballistics
41:47 Imperial Age
40:03 Thumb Ring
41:15 Bow Saw
44:26 Chemistry
43:48 Bracer
vandeblaffer
3:40 Loom
15:44 Feudal Age
16:57 Wheelbarrow
16:31 Double-Bit Axe
19:42 Castle Age
18:19 Forging
18:15 Scale Barding Armor
19:09 Bloodlines
24:14 Horse Collar
28:22 Husbandry
29:10 Heavy Plow
35:28 Hand Cart
37:46 Imperial Age
35:06 Town Watch
37:53 Iron Casting
37:38 Chain Barding Armor
37:30 Heavy Camel Rider
38:47 Conscription
40:28 Blast Furnace
47:58 Plate Barding Armor
Dr_Oetker02
3:36 Loom
15:44 Feudal Age
20:26 Castle Age
18:55 Fishing Lines
19:06 Double-Bit Axe
22:12 Bow Saw
21:57 Horse Collar
23:20 Wheelbarrow
25:43 Scale Barding Armor
26:47 Heavy Plow
27:01 Bloodlines
30:34 Forging
31:13 Hand Cart
31:02 Gold Mining
33:04 Chain Barding Armor
33:20 Iron Casting
33:51 Gillnets
37:45 Imperial Age
35:22 Stone Mining
38:21 Fletching
38:57 Conscription
38:23 Cavalier
40:17 Plate Barding Armor
41:39 Blast Furnace
43:18 Two-Man Saw
47:29 Paladin
Kotovsk
6:40 Loom
13:43 Feudal Age
17:54 Double-Bit Axe
22:16 Castle Age
34:06 Wheelbarrow
37:29 Scale Mail Armor
38:13 Bow Saw
39:52 Forging
39:48 Scale Barding Armor
42:48 Hand Cart
45:31 Imperial Age
44:04 Coinage
44:46 Husbandry
45:23 Iron Casting
45:09 Chain Barding Armor
45:30 Gold Mining
45:31 Stone Mining
46:54 Banking
46:32 Town Watch
47:54 Cavalier
tugou
5:04 Loom
14:14 Feudal Age
18:26 Castle Age
16:55 Fishing Lines
17:09 Double-Bit Axe
18:35 Gold Mining
18:39 Stone Mining
19:25 Fletching
19:49 Bow Saw
19:34 Gillnets
22:12 Bodkin Arrow
29:19 Imperial Age
27:34 Gold Shaft Mining
28:51 Pikeman
29:32 Squires
30:06 Bracer
29:31 Halberdier
29:58 Arson
31:58 Clinker Construction
32:03 Careening
32:34 Conscription
32:58 Scale Mail Armor
33:09 Forging
36:14 Elite War Wagon
44:59 Ballistics
45:40 Chemistry
47:44 Masonry
47:41 Siege Engineers
49:42 Wheelbarrow
Connection lost

Rejoining the realm…

Still unreachable

The connection could not be restored.

Session expired

The server has moved on; the page needs a fresh start.